Map: Lightshade LE

Players

INnoVation - Winner!

  • Race: Terran Terran
  • League: Master

SpeCial

  • Race: Terran Terran
  • League: Master

Event: DreamHack SC2 Masters 2021 Summer

VOD

Have the link to the VOD?

Description

Time

  • Played on: July 2, 2021, 10:02 a.m.
  • Length: 8:31

All games in this series

Show
View Real Time Build Order
Export as new Build Order

INnoVation Terran - Winner!

Build Orders: Cyclone Opening 

Get SALT Encoding   

  12  0:00  SCV  
  13  0:12  SCV  
  14  0:17  Supply Depot  
  14  0:24  SCV  
  15  0:38  SCV  
  15  0:40  Barracks  
  16  0:42  Refinery  
  16  0:50  SCV  
  16  0:52  Refinery  
  17  1:02  SCV  
  18  1:15  SCV  
  19  1:26  Reaper  
  19  1:27  Orbital Command  
  19  1:28  Supply Depot  
  20  1:40  Factory  
  20  1:52  SCV  
  22  2:04  SCV  
  22  2:06  Barracks Tech Lab  
  22  2:16  SCV  
  22  2:19  Command Center  
  23  2:28  SCV  
  24  2:30  Cyclone  
  27  2:37  Supply Depot  
  27  2:41  SCV  
  28  2:47  Starport  
  28  2:53  SCV  
  29  3:02  Barracks Tech Lab, Cyclone  
  29  3:05  SCV  
  33  3:11  Refinery  
  33  3:18  SCV  
  34  3:25  Refinery  
  34  3:30  Orbital Command  
  34  3:32  SCV  
  34  3:33  Raven  
  37  3:44  SCV  
  38  3:50  Siege Tank  
  41  3:56  SCV  
  41  3:59  SCV  
  43  4:04  Supply Depot  
  43  4:08  SCV  
  44  4:11  SCV  
  44  4:16  Raven  
  45  4:20  SCV  
  45  4:23  SCV  
  46  4:29  Siege Tank  
  46  4:30  Barracks Reactor  
  47  4:32  SCV  
  47  4:35  SCV  
  49  4:40  Supply Depot  
  49  4:41  Factory  
  49  4:44  SCV  
  50  4:48  SCV  
  51  4:56  SCV  
  52  5:00  SCV  
  52  5:01  Siege Tank  
  56  5:07  Supply Depot  
  56  5:09  SCV  
  56  5:13  Viking x2  
  57  5:14  SCV  
  57  5:21  SCV  
  58  5:26  SCV  
  59  5:31  Siege Tank  
  59  5:33  SCV, Siege Tank  
  66  5:38  SCV  
  67  5:44  Viking  
  67  5:45  SCV  
  67  5:46  Viking  
  72  5:50  SCV  
  72  5:54  Supply Depot  
  73  5:57  SCV  
  73  6:03  SCV  
  75  6:08  Siege Tank  
  78  6:15  SCV  
  78  6:16  Viking x2  
  83  6:19  SCV  
  83  6:20  Supply Depot x2  
  79  6:27  SCV  
  79  6:31  SCV  
  82  6:40  SCV  
  82  6:41  Siege Tank  
  82  6:43  SCV  
  82  6:46  Viking x2, Supply Depot  
  90  6:52  SCV  
  91  6:56  Siege Tank  
  91  6:58  SCV  
  95  7:04  SCV  
  96  7:11  Command Center  
  96  7:16  Viking x2  
  96  7:18  Siege Tank  
  96  7:19  SCV  
  96  7:20  SCV  
  105  7:24  Supply Depot  
  105  7:30  Siege Tank  
  105  7:31  SCV  
  105  7:32  SCV  
  110  7:49  Viking x2  
  114  7:54  SCV x2  
  109  8:06  SCV x2  
  105  8:18  SCV x2  
  105  8:19  Refinery  
  112  8:20  Refinery  
Show
View Real Time Build Order
Export as new Build Order

SpeCial Terran 

Build Orders:  

Get SALT Encoding   

  12  0:00  SCV  
  13  0:12  SCV  
  14  0:17  Supply Depot  
  14  0:24  SCV  
  15  0:39  SCV  
  15  0:40  Barracks  
  15  0:42  Refinery  
  16  0:51  SCV  
  16  0:52  Refinery  
  17  1:03  SCV  
  18  1:15  SCV  
  19  1:27  Reaper, Orbital Command  
  19  1:28  Supply Depot  
  20  1:41  Factory  
  20  1:53  SCV  
  21  1:59  Barracks Reactor  
  21  2:06  SCV  
  22  2:18  SCV  
  22  2:22  Command Center  
  23  2:31  Starport  
  23  2:32  SCV  
  24  2:39  Hellion  
  24  2:43  Hellion  
  28  2:48  Supply Depot  
  29  2:51  SCV  
  29  3:02  Hellion  
  31  3:10  SCV, Hellion  
  31  3:11  Medivac  
  36  3:13  Barracks Tech Lab  
  36  3:22  SCV  
  37  3:28  Refinery  
  37  3:34  Orbital Command, SCV  
  38  3:39  Marine x2  
  38  3:41  Cyclone  
  43  3:45  Starport Tech Lab  
  43  3:49  SCV  
  44  4:00  SCV  
  44  4:01  SCV, Supply Depot  
  46  4:02  Marine  
  46  4:03  Marine  
  46  4:07  Raven  
  50  4:12  SCV  
  50  4:13  SCV  
  47  4:24  Marine x2  
  47  4:25  SCV  
  47  4:26  SCV  
  47  4:28  Siege Tank  
  50  4:36  Supply Depot  
  50  4:37  SCV  
  50  4:38  Starport  
  51  4:42  Marine x2  
  51  4:44  SCV  
  54  4:52  SCV  
  55  4:56  SCV  
  55  4:57  Refinery  
  56  5:00  Marine x2  
  56  5:04  SCV  
  56  5:06  Siege Tank  
  62  5:08  SCV  
  63  5:16  SCV  
  63  5:17  Supply Depot  
  63  5:20  SCV  
  65  5:21  Raven  
  68  5:28  SCV  
  68  5:30  Supply Depot  
  68  5:32  SCV  
  69  5:38  Supply Depot  
  69  5:39  Viking x2  
  69  5:40  SCV, Marine  
  75  5:45  Supply Depot  
  75  5:49  Siege Tank  
  78  5:54  SCV x2  
  80  5:59  Marine  
  80  6:01  Supply Depot  
  81  6:06  Viking  
  83  6:11  Viking x2  
  86  6:20  Marine  
  68  6:35  SCV  
  68  6:37  Marine  
  70  6:41  Viking  
  70  6:42  Viking  
  70  6:46  SCV  
  75  6:47  SCV  
  75  6:50  Siege Tank  
  75  6:52  Viking  
  79  6:55  Marine  
  79  6:58  SCV  
  79  7:00  SCV  
  82  7:07  Command Center  
  82  7:10  SCV  
  82  7:11  Viking  
  82  7:12  SCV  
  82  7:13  Marine  
  82  7:15  Viking  
  89  7:22  SCV, Banshee  
  93  7:24  SCV  
  94  7:33  Barracks x2  
  94  7:34  Supply Depot  
  94  7:36  Siege Tank  
  98  7:37  Supply Depot  
  98  7:38  Barracks Tech Lab  
  98  7:40  SCV x2  
  98  7:44  Viking  
  101  7:45  Viking  
  103  7:58  SCV  
  96  8:01  SCV  
  86  8:09  Marine  
  86  8:15  SCV  
Tags
 
Add a new tag
Caveats
  • Supply blocks, unpowered buildings, or Contaminate may cause inaccurate times.
  • Supply counts are checked every 10 seconds.